MLB
HOUSTON ASTROS @ SEATTLE MARINERS
07/30/2018
 
TOP OF THE 1ST
Houston Astros batting - Pitching for Seattle Mariners : LHP Sean Manaea
Pitching: LHP Sean Manaea
Batting: LHB Bradley Zimmer 0-0: Swinging Strike
0-1: Foul Ball, location: 2F
0-2: Strikes out swinging
Batting: LHB Rougned Odor 0-0: Called Strike
0-1: Ground out 6-3 (Groundball, 4M)
Batting: RHB Xander Bogaerts 0-0: Ball
1-0: Called Strike
1-1: SINGLE (Groundball, 6D)
Batting: RHB Trey Mancini 0-0: Foul Ball, location: 2F
0-1: Ball
1-1: Ball
2-1: Called Strike
2-2: 2-RUN HOME RUN (Flyball, 7D), Distance : 389 ft
Batting: LHB Dominic Smith 0-0: Ball
1-0: Called Strike
1-1: Ball
2-1: Foul Ball, location: 2F
2-2: Fly out, F8 (Flyball, 8RM)
Top of the 1st over - 2 runs, 2 hits, 0 errors, 0 left on base; Houston 2 - Seattle 0
BOTTOM OF THE 1ST
Seattle Mariners batting - Pitching for Houston Astros : RHP Daniel Mengden
Pitching: RHP Daniel Mengden
Batting: LHB Ben Revere 0-0: Called Strike
0-1: SINGLE (Flyball, 8LS)
Batting: LHB Drew Robinson 0-0: Foul Ball, location: 2F
0-1: SINGLE (Line Drive, 8LS)
Ben Revere to second
Batting: RHB Manny Machado 0-0: Ball
1-0: Ball
2-0: Foul Ball, location: 2F
2-1: Foul Ball, location: 2F
2-2: Ball
3-2: Base on Balls
Ben Revere to third
Drew Robinson to second
Batting: RHB Kris Bryant 0-0: Ground out 5-3 (Groundball, 56S)
Ben Revere scores
Drew Robinson to third
Manny Machado to second
Batting: RHB Yoenis Cespedes 0-0: Ball
1-0: Called Strike
1-1: Called Strike
1-2: Ball
2-2: Ball
3-2: Foul Ball, location: 2F
3-2: Strikes out looking
Batting: RHB Matt Kemp 0-0: Called Strike
0-1: Called Strike
0-2: Ball
1-2: DOUBLE (Line Drive, 78D)
Drew Robinson scores
Manny Machado scores
Batting: RHB Christian Villanueva 0-0: Called Strike
0-1: Foul Ball, location: 2F
0-2: Ball
1-2: Ball
2-2: Foul Ball, location: 2F
2-2: Fly out, F8 (Flyball, 8LS)
Bottom of the 1st over - 3 runs, 3 hits, 0 errors, 1 left on base; Houston 2 - Seattle 3
TOP OF THE 2ND
Houston Astros batting - Pitching for Seattle Mariners : LHP Sean Manaea
Batting: LHB Gregory Polanco 0-0: Ball
1-0: Swinging Strike
1-1: Called Strike
1-2: Ball
2-2: Foul Ball, location: 2F
2-2: Strikes out swinging
Batting: RHB Welington Castillo 0-0: Ball
1-0: Called Strike
1-1: Called Strike
1-2: Ball
2-2: Strikes out swinging
Batting: LHB Colin Moran 0-0: Reached on error, E4 (Groundball, 4)
Batting: LHB Jason Heyward 0-0: Fly out, F2 (Popup, 2RF)
Top of the 2nd over - 0 runs, 0 hits, 1 error, 1 left on base; Houston 2 - Seattle 3
BOTTOM OF THE 2ND
Seattle Mariners batting - Pitching for Houston Astros : RHP Daniel Mengden
Batting: RHB Tyler O'Neill 0-0: Called Strike
0-1: Ball
1-1: Ball
2-1: Called Strike
2-2: Ball
3-2: Foul Ball, location: 2F
3-2: Foul Ball, location: 2F
3-2: Strikes out looking
Batting: RHB Caleb Joseph 0-0: Called Strike
0-1: SINGLE (Line Drive, 78S)
Batting: LHB Ben Revere 0-0: Foul Ball, location: 2F
0-1: Foul Ball, location: 2F
0-2: SINGLE (Line Drive, 56)
Caleb Joseph to second
Batting: LHB Drew Robinson 0-0: Ball
1-0: Foul Ball, location: 2F
1-1: Ball
2-1: Fly out, F8 (Flyball, 8LD)
Batting: RHB Manny Machado 0-0: Ball
1-0: Called Strike
1-1: Fly out, F9 (Line Drive, 9)
Bottom of the 2nd over - 0 runs, 2 hits, 0 errors, 2 left on base; Houston 2 - Seattle 3
TOP OF THE 3RD
Houston Astros batting - Pitching for Seattle Mariners : LHP Sean Manaea
Batting: LHB Bradley Zimmer 0-0: Ball
1-0: Swinging Strike
1-1: Ball
2-1: Ground out 6-3 (Groundball, 6M)
Batting: LHB Rougned Odor 0-0: Ball
1-0: Fly out, F9 (Flyball, 9S)
Batting: RHB Xander Bogaerts 0-0: Ball
1-0: Ball
2-0: Swinging Strike
2-1: Called Strike
2-2: Strikes out looking
Top of the 3rd over - 0 runs, 0 hits, 0 errors, 0 left on base; Houston 2 - Seattle 3
BOTTOM OF THE 3RD
Seattle Mariners batting - Pitching for Houston Astros : RHP Daniel Mengden
Batting: RHB Kris Bryant 0-0: Called Strike
0-1: Foul Ball, location: 2F
0-2: Fly out, F7 (Line Drive, 7)
Batting: RHB Yoenis Cespedes 0-0: Ball
1-0: Fly out, F9 (Flyball, 9LM)
Batting: RHB Matt Kemp 0-0: Foul Ball, location: 2F
0-1: Ball
1-1: Ball
2-1: Ball
3-1: Base on Balls
Batting: RHB Christian Villanueva 0-0: Called Strike
0-1: Swinging Strike
0-2: Ball
1-2: Ball
2-2: Fielders Choice at 2nd, 6-4 (Groundball, 6)
Bottom of the 3rd over - 0 runs, 0 hits, 0 errors, 1 left on base; Houston 2 - Seattle 3
TOP OF THE 4TH
Houston Astros batting - Pitching for Seattle Mariners : LHP Sean Manaea
Batting: RHB Trey Mancini 0-0: Called Strike
0-1: Foul Ball, location: 2F
0-2: Ball
1-2: Strikes out swinging
Batting: LHB Dominic Smith 0-0: Swinging Strike
0-1: Ball
1-1: Ball
2-1: Swinging Strike
2-2: Strikes out looking
Batting: LHB Gregory Polanco 0-0: Ground out U3 (Groundball, 3L)
Top of the 4th over - 0 runs, 0 hits, 0 errors, 0 left on base; Houston 2 - Seattle 3
BOTTOM OF THE 4TH
Seattle Mariners batting - Pitching for Houston Astros : RHP Daniel Mengden
Batting: RHB Tyler O'Neill 0-0: Called Strike
0-1: Called Strike
0-2: Ball
1-2: Fly out, F6 (Popup, 6MD)
Batting: RHB Caleb Joseph 0-0: Called Strike
0-1: Called Strike
0-2: SINGLE (Groundball, 56D)
Batting: LHB Ben Revere 0-0: Ball
1-0: Called Strike
1-1: Ground out 6-3 (Groundball, 4MS)
Caleb Joseph to second
Batting: LHB Drew Robinson 0-0: Foul Ball, location: 2F
0-1: Fly out, F7 (Flyball, 7)
Bottom of the 4th over - 0 runs, 1 hit, 0 errors, 1 left on base; Houston 2 - Seattle 3
TOP OF THE 5TH
Houston Astros batting - Pitching for Seattle Mariners : LHP Sean Manaea
Batting: RHB Welington Castillo 0-0: Ground out 5-3 (Groundball, 5)
Batting: LHB Colin Moran 0-0: Ball
1-0: Fly out, F4 (Line Drive, 4)
Batting: LHB Jason Heyward 0-0: Ball
1-0: Ball
2-0: Called Strike
2-1: Ball
3-1: Foul Ball, location: 2F
3-2: Strikes out swinging
Top of the 5th over - 0 runs, 0 hits, 0 errors, 0 left on base; Houston 2 - Seattle 3
BOTTOM OF THE 5TH
Seattle Mariners batting - Pitching for Houston Astros : RHP Daniel Mengden
Batting: RHB Manny Machado 0-0: Ball
1-0: Called Strike
1-1: SOLO HOME RUN (Flyball, 7D), Distance : 369 ft
Batting: RHB Kris Bryant 0-0: Ball
1-0: Fly out, F8 (Flyball, 8RD)
Batting: RHB Yoenis Cespedes 0-0: Foul Ball, location: 2F
0-1: Fly out, F8 (Flyball, 8RS)
Batting: RHB Matt Kemp 0-0: Called Strike
0-1: Ball
1-1: Ball
2-1: SINGLE (Line Drive, 8LS)
Batting: RHB Christian Villanueva 0-0: Fielders Choice at 2nd, 6-4 (Groundball, 56)
Bottom of the 5th over - 1 run, 2 hits, 0 errors, 1 left on base; Houston 2 - Seattle 4
TOP OF THE 6TH
Houston Astros batting - Pitching for Seattle Mariners : LHP Sean Manaea
Batting: LHB Bradley Zimmer 0-0: Swinging Strike
0-1: Ball
1-1: Foul Ball, location: 2F
1-2: Strikes out swinging
Batting: LHB Rougned Odor 0-0: Called Strike
0-1: SINGLE (Groundball, 4D)
Batting: RHB Xander Bogaerts 0-0: Ball
1-0: Ball
2-0: Ball
3-0: Called Strike
3-1: Foul Ball, location: 2F
3-2: Foul Ball, location: 2F
3-2: Base on Balls
Rougned Odor to second
Batting: RHB Trey Mancini 0-0: Foul Ball, location: 2F
0-1: Swinging Strike
0-2: Ball
1-2: Strikes out looking
Batting: LHB Dominic Smith 0-0: Foul Ball, location: 2F
0-1: Ball
1-1: Fly out, F8 (Flyball, 78D)
Top of the 6th over - 0 runs, 1 hit, 0 errors, 2 left on base; Houston 2 - Seattle 4
BOTTOM OF THE 6TH
Seattle Mariners batting - Pitching for Houston Astros : RHP Daniel Mengden
Pitching: LHP Jairo Labourt
Batting: RHB Tyler O'Neill 0-0: Ball
1-0: Ball
2-0: Swinging Strike
2-1: Foul Ball, location: 2F
2-2: Ball
3-2: Strikes out swinging
Batting: RHB Caleb Joseph 0-0: Fly out, F5 (Popup, 5DF)
Batting: LHB Ben Revere 0-0: Ground out 5-3 (Groundball, 5D)
Bottom of the 6th over - 0 runs, 0 hits, 0 errors, 0 left on base; Houston 2 - Seattle 4
TOP OF THE 7TH
Houston Astros batting - Pitching for Seattle Mariners : LHP Sean Manaea
Batting: LHB Gregory Polanco 0-0: Ball
1-0: Swinging Strike
1-1: Ball
2-1: Fly out, F7 (Flyball, 78M)
Batting: RHB Welington Castillo 0-0: Ball
1-0: SINGLE (Line Drive, 78S)
Batting: LHB Colin Moran 0-0: Called Strike
0-1: DOUBLE (Line Drive, 9LS)
Welington Castillo to third
Pinch Hitting: RHB Brett Eibner 0-0: Ball
1-0: Foul Ball, location: 2F
1-1: Ball
2-1: Swinging Strike
2-2: Strikes out looking
Batting: LHB Bradley Zimmer 0-0: Ball
1-0: Foul Ball, location: 2F
1-1: Fly out, F3 (Popup, 23F)
Top of the 7th over - 0 runs, 2 hits, 0 errors, 2 left on base; Houston 2 - Seattle 4
BOTTOM OF THE 7TH
Seattle Mariners batting - Pitching for Houston Astros : LHP Jairo Labourt
Now in RF: Brett Eibner
Batting: LHB Drew Robinson 0-0: Foul Ball, location: 2F
0-1: Ball
1-1: Ball
2-1: Called Strike
2-2: Strikes out swinging
Batting: RHB Manny Machado 0-0: Ball
1-0: Ground out 6-3 (Groundball, 6)
Batting: RHB Kris Bryant 0-0: Ball
1-0: Ball
2-0: Ball
3-0: Base on Balls
Batting: RHB Yoenis Cespedes 0-0: Ball
1-0: Ball
2-0: Called Strike
2-1: SINGLE (Groundball, 34D)
Kris Bryant to second
Runner from 2nd tries for 3rd, SAFE, throw by RF made to third
Batting: RHB Matt Kemp 0-0: Ball
1-0: Ball
2-0: Called Strike
2-1: Ball
3-1: Base on Balls
Yoenis Cespedes to second
Batting: RHB Christian Villanueva 0-0: Called Strike
0-1: Ball
1-1: Ball
2-1: Foul Ball, location: 2F
2-2: Ball
3-2: Foul Ball, location: 2F
3-2: Foul Ball, location: 2F
3-2: Foul Ball, location: 2F
3-2: Base on Balls
Kris Bryant scores
Yoenis Cespedes to third
Matt Kemp to second
Pitching: RHP Dovydas Neverauskas
Batting: RHB Tyler O'Neill 0-0: Called Strike
0-1: Called Strike
0-2: Ball
1-2: Ball
2-2: Foul Ball, location: 2F
2-2: Strikes out swinging
Bottom of the 7th over - 1 run, 1 hit, 0 errors, 3 left on base; Houston 2 - Seattle 5
TOP OF THE 8TH
Houston Astros batting - Pitching for Seattle Mariners : LHP Sean Manaea
Pitching: RHP Tyler Thornburg
Batting: LHB Rougned Odor 0-0: Called Strike
0-1: Ball
1-1: Foul Ball, location: 2F
1-2: Ground out U3 (Groundball, 3L)
Batting: RHB Xander Bogaerts 0-0: Called Strike
0-1: Fly out, F7 (Flyball, 7D)
Batting: RHB Trey Mancini 0-0: Ball
1-0: Fly out, F7 (Line Drive, 7)
Top of the 8th over - 0 runs, 0 hits, 0 errors, 0 left on base; Houston 2 - Seattle 5
BOTTOM OF THE 8TH
Seattle Mariners batting - Pitching for Houston Astros : RHP Dovydas Neverauskas
Pitching: LHP Chris Rusin
Batting: RHB Caleb Joseph 0-0: Called Strike
0-1: Swinging Strike
0-2: Strikes out looking
Batting: LHB Ben Revere 0-0: Ball
1-0: SINGLE (Groundball, 34S) (infield hit)
Batting: LHB Drew Robinson 0-0: Called Strike
0-1: Foul Ball, location: 2F
0-2: Foul Ball, location: 2F
0-2: Strikes out swinging
Ben Revere is caught stealing 2nd base 2-6
Batter strikes out.
Bottom of the 8th over - 0 runs, 1 hit, 0 errors, 0 left on base; Houston 2 - Seattle 5
TOP OF THE 9TH
Houston Astros batting - Pitching for Seattle Mariners : RHP Tyler Thornburg
Pitching: RHP Edubray Ramos
Batting: LHB Dominic Smith 0-0: Ball
1-0: Ground out 6-3 (Groundball, 6)
Batting: LHB Gregory Polanco 0-0: Ball
1-0: Swinging Strike
1-1: SINGLE (Groundball, 34D)
Batting: RHB Welington Castillo 0-0: Fly out, F8 (Flyball, 8LD)
Batting: LHB Colin Moran 0-0: Ball
1-0: Ball
2-0: Fly out, F8 (Flyball, 8RD)
Top of the 9th over - 0 runs, 1 hit, 0 errors, 1 left on base; Houston 2 - Seattle 5
Sunday, October 7th, 2018 - OOTP Baseball 19.8 Build 79